 Dungeon Crawl Stone Soup version 0.31-a0-188-g5e087ee2ca (webtiles) character file.

Game seed: 5115128831038468055

54 qw the Shooter (level 3, -4/20 HPs)
             Began as a Deep Elf Hunter on June 23, 2023.
             Slain by a gnoll
             ... wielding a +0 halberd
              (7 damage)
             ... on level 2 of the Dungeon.
             The game lasted 00:00:29 (1468 turns).

qw the Shooter (Deep Elf Hunter)                    Turns: 1468, Time: 00:00:30

Health: -4/20      AC:  7    Str: 10    XL:     3   Next: 66%
Magic:  5/5        EV: 11    Int: 13    God:
Gold:   81         SH:  0    Dex: 18    Spells: 2/2 levels left

rFire   . . .        Y - +0 shortbow
rCold   . . .        (shield currently unavailable)
rNeg    . . .        d - +0 ring mail
rPois   .            (no helmet)
rElec   .            a - +0 cloak
rCorr   .            e - +0 pair of gloves
SInv    .            (no boots)
Will    .....        k - amulet of faith
Stlth   +            (no ring)
HPRegen 0.23/turn    (no ring)
MPRegen 0.09/turn

%: faith
@: no status effects
A: no striking features
a: no special abilities


You were on level 2 of the Dungeon.
You visited 1 branch of the dungeon, and saw 2 of its levels.

You collected 81 gold pieces.


   Skills:
 - Level 1.5 Fighting
 + Level 7.2 Ranged Weapons
 - Level 2.4 Dodging
 - Level 1.2 Stealth


You had 2 spell levels left.
You didn't know any spells.
Your spell library was empty.

Inventory:

Hand Weapons
 Y - a +0 shortbow (weapon)
Armour
 a - a +0 cloak (worn)
 d - a +0 ring mail (worn)
 e - a +0 pair of gloves (worn)
Jewellery
 j - an amulet of the acrobat
 k - an amulet of faith (around neck)
Potions
 f - 3 potions of curing
 g - a potion of degeneration {unknown}
 o - a potion of might {unknown}

Dungeon Overview and Level Annotations

Branches:
Dungeon (2/15)

Altars:
The Shining One

Annotations:
D:2 exclusion: gnoll


Message History

You kill the gnoll!
A gnoll comes into view. It is wielding a +0 club.
You shoot an arrow. The gnoll shouts!
The arrow hits the gnoll.
The gnoll is lightly wounded.
A gnoll comes into view. It is wielding a +0 spear.
1458 ||| Stepping ~*~*~tactically~*~*~ (outnumbered).
The gnoll barely misses you.
1460 ||| Stepping ~*~*~tactically~*~*~ (outnumbered).
You shoot an arrow. The arrow barely misses the gnoll.
The gnoll hits you from afar with a +0 halberd!
Ouch! That really hurt!
Enter note:
Enter note:
Enter note:
Enter note:
1462 ||| UPGRADING to +0 cloak.
The gnoll barely misses you.
You start putting on your armour.
You continue putting on your +0 cloak.
The gnoll hits you from afar with a +0 halberd!
Keep equipping yourself?
You continue putting on your +0 cloak.
The gnoll hits you but does no damage.
You continue putting on your +0 cloak.
The gnoll closely misses you.
You continue putting on your +0 cloak.
The gnoll misses you.
You finish putting on your +0 cloak.
Enter note:
Enter note:
Enter note:
Enter note:
Enter note:
Enter note: The gnoll shouts!
You shoot an arrow. The arrow hits the gnoll.
The gnoll is moderately wounded.
The gnoll hits you with a +0 halberd!
You die...

# #
################
#..g@..........#
#.#g##########.#
#. #.# #) #.##.#
#. #.##.### #.
#.##.#.. #.
#.##.#.. #.
#.##.### #.##.#


You could see 2 gnolls.

Vanquished Creatures
  A gnoll (D:2)
  2 adders (D:2)
  A worm (D:2)
  An endoplasm (D:2)
  2 giant cockroaches
  3 goblins (D:1)
  3 hobgoblins
  2 quokkas (D:1)
  2 bats
  3 frilled lizards
  3 kobolds
  3 rats
26 creatures vanquished.

Notes
Turn   | Place    | Note
-------+----------+-------------------------------------------
     0 | D:1      | qw the Deep Elf Hunter began the quest for the Orb.
     0 | D:1      | Reached XP level 1. HP: 12/12 MP: 3/3
     0 | D:1      | 0 ||| qw: Version: 0.3-a-9-g12657ce
     0 | D:1      | 0 ||| qw: Game counter: 3788
     0 | D:1      | 0 ||| qw: Always use a shield: true
     0 | D:1      | 0 ||| qw: God list: Okawaru
     0 | D:1      | 0 ||| qw: Allow faded altars: false
     0 | D:1      | 0 ||| qw: Do Orc after D:15 true
     0 | D:1      | 0 ||| qw: Do second Lair branch before Depths: true
     0 | D:1      | 0 ||| qw: Lair rune preference: random
     0 | D:1      | 0 ||| qw: Plans: Normal
     0 | D:1      | 0 ||| PLANNING D:1-11
   265 | D:1      | Reached XP level 2. HP: 16/16 MP: 4/4
   294 | D:1      | Reached skill level 6 in Ranged Weapons
   370 | D:1      | You fall into a shaft and drop 1 floor!
   592 | D:2      | Reached XP level 3. HP: 18/20 MP: 5/5
   650 | D:2      | Found a glowing golden altar of the Shining One.
   852 | D:2      | 852 ||| UPGRADING to +0 ring mail.
   862 | D:2      | 862 ||| DROPPING +0 leather armour.
   863 | D:2      | 863 ||| UPGRADING to +0 pair of gloves.
   868 | D:2      | 868 ||| UPGRADING to amulet of the acrobat.
   873 | D:2      | 873 ||| UPGRADING to amulet of faith.
   883 | D:2      | 883 ||| DROPPING +6 ring of intelligence.
   884 | D:2      | 884 ||| READING scroll labelled OCSU NATUDOUBO.
   889 | D:2      | 889 ||| READING scroll labelled MIOGYA FASTRO.
   890 | D:2      | 890 ||| READING scroll labelled IMET BUSUTIRU.
   891 | D:2      | 891 ||| DRINKING 2 dark potions.
   892 | D:2      | 892 ||| DRINKING 2 gluggy clear potions.
   893 | D:2      | 893 ||| DROPPING scroll of butterflies.
   894 | D:2      | 894 ||| DROPPING potion of attraction.
   896 | D:2      | 896 ||| Stepping ~*~*~tactically~*~*~ (cloud).
   994 | D:2      | 994 ||| STAIRDANCE
  1421 | D:2      | Reached skill level 7 in Ranged Weapons
  1458 | D:2      | 1458 ||| Stepping ~*~*~tactically~*~*~ (outnumbered).
  1460 | D:2      | 1460 ||| Stepping ~*~*~tactically~*~*~ (outnumbered).
  1462 | D:2      | 1462 ||| UPGRADING to +0 cloak.
  1463 | D:2      | HP: 2/20 [gnoll/+0 halberd (8)]
  1468 | D:2      | Slain by a gnoll

Levels and vault maps discovered:
D:1:      roderic_dead_forest, layout_loops_cross, minmay_misc_feat_columns
D:2:      layout_basic, basic_altar

Skill      XL: |  1  2  3 |
---------------+----------+-----
Ranged Weapons | 6 7 |  7.2
Fighting       | |  1.5
Dodging        | |  2.4
Stealth        | |  1.2

Action                     || total
---------------------------++-------
   Fire: Shortbow          ||    78
    Use: Scroll            ||     3
         Potion            ||     2
 Armour: Leather armour    ||     4
         Ring mail         ||     1
  Dodge: Dodged            ||    13

Table legend:
 A = Non-vault XP
 B = Vault XP
 C = Vault XP percentage of total XP
 D = Non-vault monster count
 E = Vault monster count
 F = Vault count percentage of total count
                 A         B        C        D         E       F
            +---------+---------+-------+---------+---------+-------
      Total |      78 |       0 |   0.0 |      26 |       0 |   0.0
            +---------+---------+-------+---------+---------+-------
        D:1 |      20 |       0 |   0.0 |      13 |       0 |   0.0
        D:2 |      58 |       0 |   0.0 |      13 |       0 |   0.0
            +---------+---------+-------+---------+---------+-------
